 Dungeon Crawl Stone Soup version 0.30-a0-627-gc11e7ae810 (webtiles) character file.

Game seed: 2200456342332207897

205 Dartaoz the Slasher (level 5, 0/41 HPs)
             Began as a Demonspawn Fighter on Jan 12, 2023.
             Slain by a gnoll
             ... wielding a +0 spear
              (1 damage)
             ... on level 4 of the Dungeon.
             The game lasted 00:05:30 (2190 turns).

Dartaoz the Slasher (Demonspawn Fighter)            Turns: 2190, Time: 00:05:31

Health: 0/41       AC:  6    Str: 17    XL:     5   Next: 53%
Magic:  5/5        EV:  8    Int:  9    God:
Gold:   175        SH:  4    Dex: 12    Spells: 4/4 levels left

rFire   . . .      SeeInvis .    a - +0 long sword
rCold   . . .      Faith    .    c - +0 buckler
rNeg    + . .      Spirit   .    b - +0 scale mail
rPois   +          Reflect  .    (no helmet)
rElec   .          Harm     .    (no cloak)
rCorr   .          Rampage  .    (no gloves)
Will    .....                    (no boots) Stlth
                                 (no amulet)
HPRegen 0.26/turn                m - ring of poison resistance
MPRegen 0.09/turn                l - ring of positive energy

@: flying
A: powered by death 2, clumsy 1
a: no special abilities


You were on level 4 of the Dungeon.
You visited 1 branch of the dungeon, and saw 4 of its levels.

You collected 175 gold pieces.

Inventory:

Hand Weapons
 a - a +0 long sword (weapon)
Armour
 b - a +0 scale mail (worn)
 c - a +0 buckler (worn)
Jewellery
 l - a ring of positive energy (right hand)
 m - a ring of poison resistance (left hand)
Scrolls
 d - a scroll of amnesia {unknown}
 e - 3 scrolls of identify {unknown}
 f - a scroll of teleportation {unknown}
 h - 2 scrolls of fog {unknown}
 j - a scroll of poison {unknown}
 k - a scroll of silence {unknown}
Potions
 n - a potion of mutation
 o - a potion of lignification {unknown}


   Skills:
 - Level 3.0 Fighting
 + Level 5.3 Long Blades
 - Level 2.6 Armour
 - Level 2.6 Shields


You had 4 spell levels left.
You didn't know any spells.
Your spell library contained the following spells:

 Spells                   Type           Power      Damage    Failure   Level
 Petrify                  Tmut/Erth      0%         N/A       100%        4
 Metabolic Englaciation   Hex/Ice        0%         N/A       100%        5
 Statue Form              Tmut/Erth      0%         N/A       100%        6


Dungeon Overview and Level Annotations

Branches:
Dungeon (4/15)
 Temple: D:4-7

Altars:


Innate Abilities, Weirdness & Mutations

You regenerate health from kills.
You are clumsy. (Dex -2)


Message History

* * * LOW HITPOINT WARNING * * *
The gnoll barely misses you. You block the gnoll's attack.
Okay, then.
Okay, then.
It was a potion of mutation.
You feel extremely strange.
You feel clumsy. The gnoll hits you but does no damage.
The gnoll hits you with a +0 club.
* * * LOW HITPOINT WARNING * * *
It was a potion of heal wounds.
You feel much better. The gnoll barely misses you.
You block the gnoll's attack.
Okay, then.
You barely miss the gnoll. The gnoll barely misses you.
The gnoll hits you with a +0 club.
You hit the gnoll.
The gnoll is lightly wounded.
You block the gnoll's attack. The gnoll hits you but does no damage.
You completely miss the gnoll.
The gnoll is lightly wounded.
The gnoll barely misses you. The gnoll hits you with a +0 club.
You closely miss the gnoll.
The gnoll is lightly wounded.
The gnoll hits you from afar with a +0 spear.
The gnoll barely misses you.
You hit the gnoll.
The gnoll is lightly wounded.
You block the gnoll's attack. The gnoll hits you but does no damage.
You hit the gnoll but do no damage.
The gnoll is lightly wounded.
The gnoll hits you from afar with a +0 spear.
The gnoll hits you with a +0 club.
* * * LOW HITPOINT WARNING * * *
The gnoll hits you from afar with a +0 spear!
* * * LOW HITPOINT WARNING * * *
The gnoll hits you with a +0 club.
* * * LOW HITPOINT WARNING * * *
It was a potion of flight.
You feel very buoyant.
You fly up into the air.
The gnoll hits you from afar with a +0 spear.
You die...

#..<# #.#.#
#.#.# #.#.#
#
#.#####...
###.##....#
#......#
#...####
#...@#
#..))gg...#
#.....###<#
....####
....#.
[...## ....
..


You could see 2 gnolls.

Vanquished Creatures
  A jelly (D:3)
  An orc priest (D:3)
  An orc wizard (D:3)
  2 gnolls (D:4)
  4 adders
  2 worms (D:2)
  2 dart slugs
  4 orcs
  4 ball pythons (D:1)
  6 bats
  4 endoplasms
  4 giant cockroaches
  A goblin (D:2)
  3 hobgoblins
  3 jackals (D:1)
  A quokka (D:1)
  6 frilled lizards
  A kobold (D:3)
  6 rats
56 creatures vanquished.

Notes
Turn   | Place    | Note
-------+----------+-------------------------------------------
     0 | D:1      | Dartaoz the Demonspawn Fighter began the quest for the Orb.
     0 | D:1      | Reached XP level 1. HP: 18/18 MP: 1/1
   126 | D:1      | Reached skill level 2 in Long Blades
   263 | D:1      | Gained mutation: You regenerate a little health from kills.
                  | [demonic ancestry]
   263 | D:1      | Reached XP level 2. HP: 24/24 MP: 2/2
   633 | D:1      | Reached skill level 3 in Long Blades
   763 | D:2      | Gained mutation: You regenerate health from kills. [demonic
                  | ancestry]
   763 | D:2      | Reached XP level 3. HP: 29/29 MP: 3/3
  1314 | D:2      | Reached XP level 4. HP: 35/35 MP: 4/4
  1349 | D:2      | Reached skill level 4 in Long Blades
  1700 | D:3      | Reached XP level 5. HP: 23/41 MP: 5/5
  1712 | D:3      | Reached skill level 5 in Long Blades
  2181 | D:4      | HP: 2/41 [gnoll/+0 club (4)]
  2182 | D:4      | Gained mutation: You are clumsy. (Dex -2) [potion of
                  | mutation]
  2189 | D:4      | HP: 2/41 [gnoll/+0 spear (7)]
  2190 | D:4      | Slain by a gnoll

Illustrated notes

Levels and vault maps discovered:
D:1:      lemuel_arrival_cross, layout_basic
D:2:      layout_loops_cross
D:3:      layout_basic, serial_rivers, chequers_serial_rivers_small_3,
          chequers_serial_rivers_large_b, chequers_serial_rivers_small_a,
          chequers_serial_rivers_micro_d, corexii_leaking_fountain
D:4:      layout_rooms, mainiacjoe_overflow_alcove_4, minmay_temple_entry_grid,
          glass_columns_b, bh_walls_and_bars, uniq_natasha

Skill      XL: |  1  2  3  4  5 |
---------------+----------------+-----
Long Blades    | 2 3 4 5 |  5.3
Fighting       | |  3.0
Armour         | |  2.6
Shields        | |  2.6

Action                   |  1- 3 |  4- 6 || total
-------------------------+-------+-------++-------
Melee: Long sword        |   130 |    82 ||   212
  Use: Potion            |     1 |     3 ||     4
Armor: Scale mail        |    64 |    30 ||    94
Dodge: Dodged            |    56 |    35 ||    91
Block: Buckler           |    24 |    23 ||    47

Table legend: (Time is in decaauts)
 A = Elapsed time spent in this place.
 B = Non-inter-level travel time spent in this place.
 C = Inter-level travel time spent in this place.
 D = Time resting spent in this place.
 E = Time spent auto-exploring this place.
 F = Levels seen in this place.
 G = Mean time per level.
                   A        B        C        D        E       F      G
               +--------+--------+--------+--------+--------+-----+--------+
         Total |   2294 |   2236 |     58 |      0 |   1793 |   4 |  573.5 |
       Dungeon |   2294 |   2236 |     58 |      0 |   1793 |   4 |  573.5 |
               +--------+--------+--------+--------+--------+-----+--------+

Top non-repeatable levels by time:
     D:2: 792 daAuts
     D:1: 774 daAuts
     D:3: 684 daAuts
     D:4: 43 daAuts
